 Dungeon Crawl Stone Soup version bcrawl-1.13.2 (webtiles) character file.

Game seed: 13719565235666114935

58 Felnil the Shield-Bearer (level 3, -7/29 HPs)
             Began as a Mummy Fighter on Aug 9, 2019.
             Was an Initiate of Nemelex Xobeh.
             Killed by divine providence
             ... invoked by an orc priest
              (11 damage)
             ... on level 2 of the Dungeon.
             The game lasted 00:03:52 (1137 turns).

Felnil the Shield-Bearer (Mummy Fighter)            Turns: 1137, Time: 00:03:53

Health: -7/29      AC:  6    Str: 20    XL:     3   Next: 75%
Magic:  3/3        EV:  7    Int:  7    God:    Nemelex Xobeh [......]
Gold:   109        SH:  9    Dex: 11    Spells: 2/2 levels left

rFire    x . .     SeeInvis .   a - +0 rapier
rCold    + . .     Gourm    .   c - +0 shield
rNeg     + + +     Faith    .   b - +0 scale mail
rPois    ∞         Spirit   .   (no helmet)
rElec    .         Reflect  .   (no cloak)
rCorr    .         Harm     .   (no gloves)
MR       .....     Clarity  +   (no boots)
Stlth    ..........             (no amulet)
HPRegen  0.09/turn              (no ring)
MPRegen  0.08/turn              (no ring)

@: no status effects
A: no food or potions, fire vulnerability, clarity, cold resistance 1, negative
energy resistance 3, torment resistance, unbreathing
a: Draw Escape, Draw Destruction, Draw Summoning, Renounce Religion


You were on level 2 of the Dungeon.
You worshipped Nemelex Xobeh.
Nemelex Xobeh was noncommittal.
You were not hungry.

You visited 1 branch of the dungeon, and saw 2 of its levels.

You collected 109 gold pieces.

Inventory:

Hand Weapons
 a - a +0 rapier (weapon)
Armour
 b - a +0 scale mail (worn)
 c - a +0 shield (worn)
Scrolls
 d - 2 scrolls of identify


   Skills:
 - Level 3.0 Fighting
 - Level 1.5 Short Blades
 - Level 2.4 Armour
 + Level 3.9 Shields


You had 2 spell levels left.
You didn't know any spells.
Your spell library was empty.

Dungeon Overview and Level Annotations

Branches:
Dungeon (2/12)

Altars:
Nemelex Xobeh


Innate Abilities, Weirdness & Mutations

You do not eat or drink.
Your flesh is vulnerable to fire.
You are immune to poison.
You possess an exceptional clarity of mind.
Your flesh is cold resistant. (rC+)
You are immune to negative energy. (rN+++)
You are immune to unholy pain and torment.
You can survive without breathing.


Message History

The orc is moderately wounded.
The orc closely misses you.
You puncture the orc!
You kill the orc!
You hit the orc.
The orc is moderately wounded.
The orc completely misses you.
You puncture the orc!
You kill the orc!
You block the orc priest's attack.
Your shield prevents you from hitting the orc priest.
You block the orc priest's attack.
You completely miss the orc priest.
The orc priest hits you with a +0 dagger.
* * * LOW HITPOINT WARNING * * *
You hit the orc priest but do no damage.
The orc priest invokes the aid of Beogh against you.
Beogh smites you!
You die...
Your body disappears without a glow.

#...............#
#...............#
#...............#
#.........).....#
#...............# #####
.....(......!...# #.....
##.............###....
..#.....#.....##...# .#
..##########.###@#
...##. ..## #.# #o#
#.=...
...#########.###o# #...#
...............oK###...#
..####.#........w).#...#
...............###.....#
#.....########.....wK..#
#..### ##........## ...#
##..##....#


You could see a worm, 2 orc priests, an orc and a kobold.

Vanquished Creatures
  An ooze (D:1)
  A worm (D:1)
  3 dart slugs
  A leopard gecko (D:1)
  2 orcs (D:2)
  A ball python (D:1)
  3 giant cockroaches (D:1)
  7 hobgoblins
  3 jackals (D:1)
  5 kobolds
  2 quokkas (D:2)
  2 bats
  2 frilled lizards (D:1)
  3 goblins
  2 rats (D:1)
38 creatures vanquished.

Notes
Turn   | Place    | Note
-------+----------+-------------------------------------------
     0 | D:1      | Felnil the Mummy Fighter began the quest for the Orb.
     0 | D:1      | Reached XP level 1. HP: 18/18 MP: 1/1
   258 | D:1      | Reached XP level 2. HP: 23/24 MP: 2/2
   535 | D:1      | Reached XP level 3. HP: 28/29 MP: 3/3
   933 | D:2      | Found a sparkling altar of Nemelex Xobeh.
   980 | D:2      | Became a worshipper of Nemelex Xobeh the Trickster
  1129 | D:2      | Received a gift from Nemelex Xobeh
  1137 | D:2      | Killed from afar by an orc priest

Skill      XL: |  1 |
---------------+----+-----
Shields        | 3 |  3.9
Fighting       | |  3.0
Short Blades   | |  1.5
Armour         | |  2.4

Action                   || total
-------------------------++-------
Melee: Rapier            ||   109
  Use: Scroll            ||     1
Armor: Scale mail        ||    54
Dodge: Dodged            ||    33
Block: Shield            ||    59
